 Dungeon Crawl Stone Soup version 0.30.0-29-ga12c61a403 (webtiles) character file.

Game seed: 6366424325829082657

4062 javelincjr the Fighter (level 10, -1/76 HPs)
             Began as a Djinni Summoner on June 21, 2023.
             Was a Believer of Qazlal.
             Shot with an arrow by a centaur (12 damage)
             ... on level 9 of the Dungeon on June 22, 2023.
             The game lasted 00:57:30 (7399 turns).

javelincjr the Fighter (Djinni Summoner)            Turns: 7399, Time: 00:57:31

Health: -1/76      AC:  7    Str:  9    XL:     10   Next: 49%
Gold:   357        EV: 15    Int: 19    God:    Qazlal [**....] SH:  2 Dex: 14

rFire   + + +        t - +2 quarterstaff (chaos)
rCold   x . .        (shield currently unavailable)
rNeg    . . .        d - +0 steam dragon scales
rPois   ∞            (no helmet)
rElec   .            u - +0 cloak {Will+}
rCorr   .            (no gloves)
SInv    .            (boots unavailable)
Will    ++...        (no amulet)
Stlth   ++           g - ring of protection from fire
HPRegen 0.32/turn    (no ring)
MPRegen 0.00/turn

%: infuse magic (-2 HP)
@: flying
A: sickness immunity, fire resistance 2, cold vulnerability 1, float, innate
caster, HP casting, extra vitality 1
a: Renounce Religion, Upheaval


You were on level 9 of the Dungeon.
You worshipped Qazlal.
Qazlal was pleased with you.
You visited 2 branches of the dungeon, and saw 9 of its levels.

You collected 357 gold pieces.

Inventory:

Hand Weapons
 i - a +1 rapier of flaming
 n - a +0 vampiric dagger
 o - a +5 battleaxe of distortion
 t - a +2 quarterstaff of chaos (weapon)
 x - a +2 eveningstar of draining
Missiles
 l - 2 throwing nets
Armour
 a - a +1 robe
 d - +0 steam dragon scales (worn)
 u - a +0 cloak of willpower (worn)
 A - a +1 robe of resistance
Jewellery
 g - a ring of protection from fire (left hand)
Wands
 h - a wand of flame (44)
 B - a wand of light (5)
Scrolls
 b - a scroll of immolation {unknown}
 c - 2 scrolls of teleportation
 m - 2 scrolls of fog
 q - a scroll of fear
 r - a scroll of summoning {unknown}
 v - a scroll of identify
 y - 2 scrolls of blinking {unknown}
 z - a scroll of poison
Potions
 e - 2 potions of heal wounds
 f - 2 potions of lignification
 j - 2 potions of brilliance {unknown}
 k - 3 potions of curing
 p - 2 potions of mutation {unknown}
 s - a potion of attraction {unknown}
 w - 2 potions of might {unknown}


   Skills:
 * Level 8.3 Fighting
 + Level 5.6 Armour
 + Level 6.9 Dodging
 - Level 1.6 Stealth
 * Level 7.3 Spellcasting


You knew the following spells:

 Your Spells              Type           Power      Damage    Failure   Level
a - Summon Small Mammal   Summ           100%       N/A       1%          1
b - Call Imp              Summ           68%        N/A       1%          2
c - Call Canine Familiar  Summ           34%        N/A       1%          3
d - Summon Guardian Gole  Hex/Summ       34%        N/A       1%          3
e - Summon Lightning Spi  Summ/Air       34%        N/A       4%          4
f - Freeze                Ice            100%       1d10      1%          1
g - Momentum Strike       Conj/Tloc      68%        3d9       1%          2
h - Poisonous Vapours     Pois/Air       68%        N/A       1%          2
i - Spider Form           Tmut/Pois      34%        N/A       1%          3
Your spell library was empty.

Dungeon Overview and Level Annotations

Branches:
Dungeon (9/15)             Temple (1/1) D:5
   Lair: D:8-11         Orc: D:9-12

Altars:
Ashenzari
Cheibriados
Dithmenos
Elyvilon
Fedhas
Gozag
Hepliaklqana
Makhleb
Nemelex Xobeh
Qazlal
Uskayaw
Wu Jian
Xom
Yredelemnul
The Shining One

Shops:
D:4 [   D:7 ?


Innate Abilities, Weirdness & Mutations

You are immune to sickness and miasma.
You are immune to poison.
Your flesh is very heat resistant. (rF++)
You are vulnerable to cold. (rC-)
You float through the air rather than walking.
You learn spells naturally, not from books.
Your magical power is your life essence.
You have superior vitality. (+4 MHP)


Message History

A guardian golem appears, shielding your allies.
* * * LOW HITPOINT WARNING * * *
The centaur shoots an arrow.
The arrow barely misses your guardian golem.
The arrow hits you!
* * * LOW HITPOINT WARNING * * *
You see here a +0 trident.
Casting: Summon Guardian Golem (safe; 1% risk of failure)
Confirm with . or Enter, or press ? or * to list all spells.
A tiny devil pulls itself out of the air.
* * * LOW HITPOINT WARNING * * *
The centaur shoots an arrow.
The arrow hits your guardian golem!
The centaur shoots an arrow.
The arrow hits your guardian golem!
You feel much better.
The centaur shoots an arrow.
The arrow hits your guardian golem!
The centaur shoots an arrow.
The arrow hits your guardian golem!
The centaur shoots an arrow.
The arrow hits your guardian golem.
The centaur shoots an arrow.
The arrow hits your guardian golem!
Your guardian golem is destroyed!
Your guardian golem disappears in a puff of smoke!
The centaur shoots an arrow.
The arrow misses your cerulean imp. The arrow hits you!
* * * LOW HITPOINT WARNING * * *
Your cerulean imp hits the centaur from afar with a -1 spear.
Casting: Call Imp (safe; 1% risk of failure)
Confirm with . or Enter, or press ? or * to list all spells.
* * * LOW HITPOINT WARNING * * *
Your cerulean imp hits the centaur with a -1 spear.
The centaur shoots an arrow.
The arrow hits your cerulean imp!
The centaur shoots an arrow.
The arrow hits your cerulean imp!
Your cerulean imp dies!
Your cerulean imp disappears in a puff of smoke!
The centaur shoots an arrow.
The arrow barely misses your wolf. The arrow hits you.
* * * LOW HITPOINT WARNING * * *
Your wolf bites the centaur.
Something hits your wolf. Something barely misses your wolf.
The centaur wields a +3 shortbow.
The centaur shoots an arrow.
The arrow misses your wolf. The arrow hits you!
You die...

#.... #.... ####D ##. ###c.
######### #...# ........# ##.###
........################# #.....
................@...h..c####.....
........###############.)..o.....
........# ######..... )).)..).#
#..... ........# #..... ........#
#..... ........# #..... #########
######


You could see a centaur and a friendly wolf (summoned).

Vanquished Creatures
  Maggie (D:7)
  A wyvern (D:8)
  A sky beast (D:7)
  2 centaurs
  A phantom (D:4)
  A scorpion (D:4)
  A sleepcap (D:5)
  An iguana (D:4)
  4 orc wizards
  2 adders (D:3)
  2 gnolls (D:4)
  A white imp (D:5)
  A worm (D:2)
  5 orcs
  3 ball pythons
  3 endoplasms
  3 giant cockroaches
  6 goblins
  2 hobgoblins
  2 jackals (D:5)
  2 kobolds
  3 quokkas
  3 bats
  A frilled lizard (D:3)
52 creatures vanquished.

Vanquished Creatures (collateral kills)
  A deep elf pyromancer (D:7)
  A hornet (D:7)
  Prince Ribbit (D:7)
  Grum (D:8)
  2 ice beasts
  A wolf (D:8)
  2 kobold brigands (D:8)
  A bullfrog (D:5)
  5 wights (D:9)
  A hound (D:4)
  Crazy Yiuf (D:4)
  3 orc priests
  2 iguanas
  6 orc wizards
  2 gnolls (D:4)
  An adder (D:2)
  A shadow imp (D:7)
  4 dart slugs
  29 orcs
  3 ball pythons
  8 endoplasms
  3 giant cockroaches
  3 goblins
  7 hobgoblins
  2 jackals (D:5)
  3 quokkas
  3 bats
  A frilled lizard (D:3)
  12 kobolds
  4 rats
114 creatures vanquished.

Vanquished Creatures (others)
  A cyclops (D:7)
  A troll (shapeshifter) (D:8)
  A wolf (D:8)
  An ogre (D:7)
  Blork the orc (D:4)
  An iguana (D:4)
6 creatures vanquished.

Grand Total: 172 creatures vanquished

Notes
Turn   | Place    | Note
-------+----------+-------------------------------------------
     0 | D:1      | javelincjr the Djinni Summoner began the quest for the Orb.
     0 | D:1      | javelincjr set off with the following spells memorised:
                  | Summon Small Mammal, Call Imp, Call Canine Familiar, Summon
                  | Guardian Golem, Summon Lightning Spire.
     0 | D:1      | Reached XP level 1. HP: 15/15 MP: 0/0
   178 | D:1      | Reached XP level 2. HP: 22/22 MP: 0/0
   538 | D:1      | Reached skill level 1 in Fighting
   666 | D:1      | Reached XP level 3. HP: 21/27 MP: 0/0
   666 | D:1      | Learned a level 1 spell: Freeze
  1498 | D:2      | Reached XP level 4. HP: 27/32 MP: 0/0
  1757 | D:2      | Reached skill level 1 in Armour
  2221 | D:3      | Reached skill level 2 in Fighting
  2490 | D:3      | Reached XP level 5. HP: 16/38 MP: 0/0
  2490 | D:3      | Learned a level 2 spell: Momentum Strike
  2972 | D:4      | Noticed Blork the orc
  3045 | D:4      | Killed Blork the orc
  3046 | D:4      | Reached XP level 6. HP: 36/45 MP: 0/0
  3069 | D:4      | Reached skill level 3 in Fighting
  3316 | D:4      | Noticed an ice beast
  3326 | D:4      | Killed an ice beast
  3327 | D:4      | Reached XP level 7. HP: 22/51 MP: 0/0
  3327 | D:4      | Learned a level 2 spell: Poisonous Vapours
  3523 | D:4      | Noticed a +0 spear
  3524 | D:4      | Noticed a +0 short sword
  3525 | D:4      | Noticed a +0 falchion
  3531 | D:4      | Noticed a +0 short sword
  3536 | D:4      | Noticed a +0 dagger
  3540 | D:4      | Noticed a +0 spear
  3540 | D:4      | Noticed a +0 dagger
  3546 | D:4      | Noticed a +0 falchion
  3551 | D:4      | Reached skill level 4 in Fighting
  3620 | D:4      | Found a hide-covered altar of Uskayaw.
  3924 | D:4      | Found a runed translucent door.
  3925 | D:4      | Noticed Crazy Yiuf
  3931 | D:4      | Killed Crazy Yiuf
  4001 | D:4      | Found Biafiss's Antique Armour Boutique.
  4399 | D:5      | Entered Level 5 of the Dungeon
  4468 | D:5      | Reached XP level 8. HP: 42/58 MP: 0/0
  4641 | D:5      | Reached skill level 5 in Spellcasting
  4700 | D:5      | Found a staircase to the Ecumenical Temple.
  4709 | Temple   | Entered the Ecumenical Temple
  4717 | Temple   | Became a worshipper of Qazlal Stormbringer
  4875 | D:5      | Reached skill level 5 in Fighting
  5067 | D:5      | Found an opulent altar of Gozag.
  5192 | D:5      | You are sucked into a shaft and drop 3 floors!
  5402 | D:8      | Noticed a wyvern
  5432 | D:7      | Noticed Maggie
  5454 | D:7      | Killed Maggie
  5455 | D:7      | Reached skill level 6 in Fighting
  5455 | D:7      | Reached skill level 5 in Dodging
  5455 | D:7      | Reached XP level 9. HP: 36/66 MP: 0/0
  5455 | D:7      | Learned a level 3 spell: Spider Form
  5675 | D:7      | Noticed a hornet
  5685 | D:7      | Killed a hornet
  5725 | D:7      | Found Mirchibey's Magic Scroll Emporium.
  5954 | D:7      | Noticed Prince Ribbit
  5959 | D:7      | Reached * piety under Qazlal
  5968 | D:7      | Killed Prince Ribbit
  6034 | D:7      | Noticed a cyclops
  6059 | D:7      | Killed a cyclops
  6060 | D:7      | Reached skill level 7 in Fighting
  6215 | D:7      | Noticed a deep elf pyromancer
  6224 | D:7      | Killed a deep elf pyromancer
  6225 | D:7      | Reached skill level 5 in Armour
  6225 | D:7      | Reached XP level 10. HP: 50/75 MP: 0/0
  6557 | D:8      | Noticed Grum
  6573 | D:8      | Killed Grum
  6838 | D:8      | Found a shadowy altar of Dithmenos.
  6871 | D:8      | Reached skill level 8 in Fighting
  7050 | D:8      | Noticed an entropy weaver
  7052 | D:8      | an entropy weaver changed into a salamander
  7052 | D:8      | Noticed a salamander (shapeshifter)
  7274 | D:9      | Reached ** piety under Qazlal
  7388 | D:9      | HP: 3/76 [centaur/arrow (8)]
  7399 | D:9      | Shot with an arrow by a centaur

Illustrated notes

Levels and vault maps discovered:
D:1:      dpeg_arrival_lava_temple_mockup, layout_basic, feat_on_display
D:2:      layout_loops_corners
D:3:      layout_rooms, grunt_ministairs_7
D:4:      layout_loops_ring, nicolae_uskayaw_en_pointe, serial_shops, shop,
          uniq_crazy_yiuf_cottage, uniq_blork_the_orc
D:5:      layout_gridville, mainiacjoe_overflow_catwalk,
          minmay_temple_entry_glass
D:7:      layout_loops_ring, serial_shops, nicolae_shop_tiny_statue_garden,
          minmay_manual_monstrance, uniq_prince_ribbit1, uniq_maggie
D:8:      layout_rooms, mainiacjoe_overflow_cross_hatched,
          kennysheep_just_a_vault, uniq_grum
D:9:      layout_roguey, zin_treasury, david_orc_2, hangedman_tell_no_tales
Temple:   nicolae_temple_two_arcs

Skill      XL: |  1  2  3  4  5  6  7  8  9 10 |
---------------+-------------------------------+-----
Fighting       | 1 2 3 4 6 7 8 |  8.3
Armour         | 1 2 3 4 5 |  5.6
Dodging        | 3 4 5 6 |  6.9
Spellcasting   | 4 5 6 7 |  7.3
Stealth        | |  1.6

Action                     |  1- 3 |  4- 6 |  7- 9 | 10-12 || total
---------------------------+-------+-------+-------+-------++-------
  Melee: Unarmed           |    34 |       |       |       ||    34
         Dagger            |    16 |    59 |    22 |       ||    97
         Whip              |     3 |    23 |       |       ||    26
         Punch             |       |     1 |       |       ||     1
         Quarterstaff      |       |       |    46 |     2 ||    48
   Cast: Summon Small Mamm |    39 |     9 |     6 |     4 ||    58
         Call Imp          |    21 |    23 |    32 |    10 ||    86
         Call Canine Famil |     2 |    10 |    25 |     8 ||    45
         Summon Guardian G |       |     7 |    10 |     5 ||    22
         Freeze            |       |     2 |       |       ||     2
         Momentum Strike   |       |     2 |       |       ||     2
         Summon Lightning  |       |       |     6 |    11 ||    17
         Poisonous Vapours |       |       |     7 |    11 ||    18
    Use: Scroll            |       |     7 |     2 |       ||     9
         Potion            |       |       |       |     1 ||     1
   Stab: Sleeping          |       |     2 |       |       ||     2
         Distracted        |       |     1 |     2 |       ||     3
 Armour: Robe              |    15 |    25 |    12 |       ||    52
         Steam dragon scal |       |       |     4 |       ||     4
  Dodge: Dodged            |    41 |    59 |    35 |    15 ||   150
  Block: Other             |       |       |       |     1 ||     1
